 Dungeon Crawl Stone Soup version 0.30-a0-168-g0b976cbdc4 (webtiles) character file.

Game seed: 5854137431370827748

1277 Iusername the Poker (level 8, -1/94 HPs)
             Began as a Minotaur Fighter on Sept 29, 2022.
             Was a Priest of Hepliaklqana.
             Slain by a steam dragon (4 damage)
             ... on level 6 of the Dungeon.
             The game lasted 00:15:08 (5225 turns).

Iusername the Poker (Minotaur Fighter)              Turns: 5225, Time: 00:15:09

Health: -1/94      AC: 24    Str: 20 (22) XL:     8   Next: 29%
Magic:  7/7        EV:  2    Int:  3 (5)  God:    Hepliaklqana [***...]
Gold:   249        SH:  4    Dex:  9 (11) Spells: 7/7 levels left

rFire   . . .      SeeInvis .    a - +2 trident
rCold   . . .      Faith    +    c - +0 buckler
rNeg    . . .      Spirit   .    (body armour currently unavailable)
rPois   +          Reflect  .    (helmet currently unavailable)
rElec   .          Harm     .    (cloak currently unavailable)
rCorr   .          Rampage  .    (gloves currently unavailable)
Will    .....      NoTele   +    (boots currently unavailable)
Stlth   +.........               g - amulet of faith
HPRegen 0.25/turn                w - +4 ring of evasion
MPRegen 0.10/turn                (no ring)

@: mighty, tree-form
A: stationary, stasis, torment immunity, boosted hp, reduced essence, (horns 2),
(retaliatory headbutt)
a: Renounce Religion, Recall Ancestor, Ancestor Identity, Transference


You were on level 6 of the Dungeon.
You worshipped Hepliaklqana.
Hepliaklqana was most pleased with you.
You were a tree.
You visited 1 branch of the dungeon, and saw 6 of its levels.

You collected 249 gold pieces.

Inventory:

Hand Weapons
 a - a +2 trident (weapon)
Missiles
 s - 8 boomerangs (quivered)
Armour
 c - a +0 buckler (worn)
 o - a +0 cloak (melded)
 y - a +0 plate armour (melded)
 B - a +0 pair of gloves (melded)
Jewellery
 g - an amulet of faith (around neck)
 w - a +4 ring of evasion (left branch)
Wands
 v - a wand of polymorph (2)
Scrolls
 i - 4 scrolls of teleportation
 l - 4 scrolls of summoning
 m - 4 scrolls of immolation
 q - 2 scrolls of fear
 x - 4 scrolls of noise
 D - a scroll of vulnerability {unknown}
Potions
 d - a potion of might
 e - a potion of flight
 n - a potion of resistance
 p - a potion of lignification


   Skills:
 + Level 6.0 Fighting
 + Level 7.9 Polearms
 + Level 0.8 Throwing
 + Level 7.3 Armour
 + Level 2.0 Dodging
 + Level 0.6 Stealth
 + Level 5.1 Shields


You had 7 spell levels left.
You didn't know any spells.
Your spell library contained the following spells:

 Spells                   Type           Power      Damage    Failure   Level
 Blink                    Tloc           0%         N/A       75%         2
 Momentum Strike          Conj/Tloc      0%         3d8       75%         2
 Dazzling Flash           Conj/Hex       0%         N/A       93%         3
 Hailstorm                Conj/Ice       0%         3d3       93%         3
 Lesser Beckoning         Tloc           0%         N/A       93%         3
 Cause Fear               Hex            0%         N/A       100%        4
 Ice Form                 Ice/Tmut       0%         N/A       100%        4
 Iskenderun's Mystic Bla  Conj/Tloc      0%         2d3       100%        4
 Simulacrum               Ice/Necr       0%         N/A       100%        6
 Starburst                Conj/Fire      0%         6d3       100%        6
 Dragon Form              Tmut           0%         N/A       100%        7
 Dragon's Call            Summ           0%         N/A       100%        9


Dungeon Overview and Level Annotations

Branches:
Dungeon (6/15)             Temple (0/1) D:5

Altars:
Hepliaklqana
Qazlal

Shops:
D:3 :


Innate Abilities, Weirdness & Mutations

You are a tree.
Your roots penetrate the ground, keeping you stationary.
You cannot be teleported.
You are immune to unholy pain and torment.
Your maximum health is greatly increased.
Your equipment is partially melded.
Your life essence is reduced to manifest your ancestor. (-10% HP)
((You have a pair of horns on your head.))
((You reflexively headbutt those who attack you in melee.))


Message History

Press: ? - help, Shift-Dir - straight line, f/p - steam dragon
Aim: a steam dragon (will become a queen bee, a killer bee, or an acid dragon, chance to affect: 49%)
The steam dragon resists with some effort.
Aiming: Polymorph
Press: ? - help, Shift-Dir - straight line, f/p - steam dragon
Aim: a steam dragon (will become a queen bee, a killer bee, or an acid dragon, chance to affect: 49%)
The steam dragon resists with some effort.
The steam dragon breathes steam at you.
The ball of steam hits you but does no damage.
Aiming: Polymorph
Press: ? - help, Shift-Dir - straight line Nothing appears to happen.
You are engulfed in a cloud of scalding steam.
Retard emerges from the mists of memory!
Unknown command.
You drop 5 boomerangs.
You are engulfed in a cloud of scalding steam.
You recover from your berserk rage.
s - 8 boomerangs You are engulfed in a cloud of scalding steam.
You start resting.
Retard misses the steam dragon.
A steam dragon is nearby!
A steam dragon is nearby!
A steam dragon is nearby!
A steam dragon is nearby!
A steam dragon is nearby!
You closely miss the steam dragon. The steam dragon breathes steam at you.
The ball of steam hits you!
* * * LOW HITPOINT WARNING * * *
You puncture the steam dragon!
The steam dragon is moderately wounded.
You are engulfed in a cloud of scalding steam.
Retard misses the steam dragon.
You block the steam dragon's attack.
The steam dragon claws you but does no damage.
You puncture the steam dragon!
The steam dragon is severely wounded.
Retard hits the steam dragon with a +0 flail!
The steam dragon bites you.
You die...

......( #### .....# .
#.#.####....# .. ###
###...........##....
#.###........###........
..>#.........#.#.........
#....#.....###§###..o....
#†.........#..§)§#... ...
...##..#...###.#♣#§##....
.####.)......#.#RD.......
..####.......###..(...#.
...# ###.......[...?.##
..## ##..............#
...# #...##[.......#.#
.### #..##....#......# .#
##........##.....# ##
#..................


You could see the friendly retard the knight and a steam dragon (catching
breath, ally target).

Vanquished Creatures
  Eustachio (D:6)
  A black bear (D:6)
  An ogre (D:5)
  A scorpion (D:5)
  An orc priest (D:3)
  A hound (D:4)
  A gnoll bouda (D:6)
  A jelly (D:6)
  4 iguanas
  4 orc wizards (D:6)
  Robin (D:3)
  3 gnolls (D:6)
  8 adders
  A white imp (D:3)
  2 ufetubi
  3 dart slugs
  16 orcs
  6 endoplasms
  A giant cockroach (D:2)
  15 goblins
  6 hobgoblins
  5 quokkas
  8 ball pythons
  7 bats
  A frilled lizard (D:1)
  11 kobolds
  3 rats
113 creatures vanquished.

Vanquished Creatures (collateral kills)
  A water moccasin (D:6)
  2 phantoms (D:5)
  A howler monkey (D:6)
  An orc wizard (D:6)
  An ufetubus (D:5)
  2 orcs
  An endoplasm (D:3)
  A hobgoblin (D:3)
  A kobold (D:3)
  A ball python (D:4)
  A goblin (D:3)
13 creatures vanquished.

Vanquished Creatures (others)
  A knight (D:6)
  An ancestor (D:3)
2 creatures vanquished.

Grand Total: 128 creatures vanquished

Notes
Turn   | Place    | Note
-------+----------+-------------------------------------------
     0 | D:1      | Iusername the Minotaur Fighter began the quest for the Orb.
     0 | D:1      | Reached XP level 1. HP: 19/19 MP: 0/0
   237 | D:1      | Reached XP level 2. HP: 27/27 MP: 1/1
   256 | D:1      | You fall into a shaft and drop 1 floor!
   318 | D:2      | Reached XP level 3. HP: 33/33 MP: 2/2
   735 | D:2      | Found a stormy altar of Qazlal.
   995 | D:2      | Reached XP level 4. HP: 26/40 MP: 3/3
  1454 | D:1      | Found a faded altar of an unknown god.
  1864 | D:1      | Prayed at the altar of an unknown god.
  1864 | D:1      | Became a worshipper of Hepliaklqana the Forgotten
  1864 | D:1      | Reached * piety under Hepliaklqana
  2116 | D:3      | Found Tutydiz's Book Shoppe.
  2399 | D:3      | Noticed Robin
  2428 | D:3      | Reached XP level 5. HP: 33/42 MP: 4/4
  2431 | D:3      | Killed Robin
  2684 | D:4      | Reached skill level 5 in Armour
  3097 | D:4      | Reached ** piety under Hepliaklqana
  3580 | D:5      | Entered Level 5 of the Dungeon
  3594 | D:5      | Reached XP level 6. HP: 47/47 MP: 5/5
  3861 | D:5      | Reached *** piety under Hepliaklqana
  3909 | D:5      | Reached skill level 5 in Polearms
  3909 | D:5      | Reached skill level 1 in Dodging
  4047 | D:5      | Found a staircase to the Ecumenical Temple.
  4058 | D:5      | Reached skill level 5 in Fighting
  4058 | D:5      | Reached XP level 7. HP: 19/54 MP: 6/6
  4699 | D:5      | Identified the +11 falchion "Queghyl" {vorpal, rC+ SInv}
  5142 | D:6      | Reached skill level 5 in Shields
  5177 | D:6      | Remembered your ancestor retard as a knight
  5181 | D:6      | Reached XP level 8. HP: 51/62 MP: 7/7
  5194 | D:6      | Noticed Eustachio
  5206 | D:6      | Killed Eustachio
  5223 | D:6      | HP: 3/94 [steam dragon/ball of steam (10)]
  5225 | D:6      | Slain by a steam dragon

Illustrated notes

Levels and vault maps discovered:
D:1:      mrwooster_arrival_arrow, layout_basic,
          ebering_ecumenical_altar_sacrificial, minmay_ruptured
D:2:      layout_basic, basic_altar, chequers_serial_rivers_small_a,
          minivault_24, st_stairs_13
D:3:      layout_rooms, serial_shops, nicolae_lakefront_shop,
          minmay_goblin_outpost, uniq_robin
D:4:      layout_cave_pools, chequers_hall_statues_y, minivault_1
D:5:      layout_gridville, temple_pool_b
D:6:      layout_cave_pools, gammafunk_ghost_smash,
          minmay_a_box_with_orc_wizards_in_it, uniq_eustachio

Skill      XL: |  1  2  3  4  5  6  7  8 |
---------------+-------------------------+-----
Armour         | 4 5 7 |  7.3
Shields        | 4 5 |  5.1
Fighting       | 4 5 6 |  6.0
Polearms       | 3 4 5 7 |  7.9
Dodging        | 1 2 |  2.0
Throwing       | |  0.8
Stealth        | |  0.6

Action                   |  1- 3 |  4- 6 |  7- 9 || total
-------------------------+-------+-------+-------++-------
Melee: Trident           |    68 |   150 |    82 ||   300
       Headbutt          |     4 |    16 |     7 ||    27
Throw: Boomerang         |       |     4 |     7 ||    11
Invok: Recall Ancestor   |       |     1 |       ||     1
       Ancestor Identity |       |     1 |       ||     1
       Ancestor Life: Kn |       |       |     1 ||     1
Evoke: Wand              |       |       |     5 ||     5
  Use: Scroll            |       |     5 |     7 ||    12
       Potion            |       |     1 |    11 ||    12
 Stab: Distracted        |       |       |     1 ||     1
Armor: Scale mail        |    23 |    37 |       ||    60
       Plate armour      |       |     9 |    64 ||    73
       Skin              |       |       |    14 ||    14
Dodge: Dodged            |    20 |    53 |    45 ||   118
Block: Buckler           |    13 |    22 |    18 ||    53

Table legend: (Time is in decaauts)
 A = Elapsed time spent in this place.
 B = Non-inter-level travel time spent in this place.
 C = Inter-level travel time spent in this place.
 D = Time resting spent in this place.
 E = Time spent auto-exploring this place.
 F = Levels seen in this place.
 G = Mean time per level.
                   A        B        C        D        E       F      G
               +--------+--------+--------+--------+--------+-----+--------+
         Total |   5278 |   5012 |    266 |    701 |   3522 |   6 |  879.7 |
       Dungeon |   5278 |   5012 |    266 |    701 |   3522 |   6 |  879.7 |
               +--------+--------+--------+--------+--------+-----+--------+

Top non-repeatable levels by time:
     D:5: 1318 daAuts
     D:2: 1172 daAuts
     D:4: 927 daAuts
     D:1: 768 daAuts
     D:3: 745 daAuts
     D:6: 346 daAuts
